Map: Rhoskallian LE

Players

Gatecrasher

  • Race: Protoss Protoss
  • Spawn Location: 5:00

TIM

  • Race: Protoss Protoss
  • Spawn Location: 6:00

WarpigxxxL - Winner!

  • Race: Zerg Zerg
  • Spawn Location: 12:00

xBenx - Winner!

  • Race: Zerg Zerg
  • League: Gold
  • Spawn Location: 11:00

VOD

Have the link to the VOD?

Description

xBenx, WarpigxxxL, Vs TIM, Gatecrasher

Time

  • Played on: April 5, 2024, 1:39 p.m.
  • Length: 19:53
Show
View Real Time Build Order
Export as new Build Order

Gatecrasher Protoss 

Build Orders: Carriers 

Get SALT Encoding   

  12  0:22  Pylon  
  12  0:42  Forge  
  12  0:50  Gateway  
  12  0:52  Assimilator  
  12  0:54  Probe (Chrono Boost)  
  13  1:03  Probe (Chrono Boost)  
  14  1:08  Probe (Chrono Boost)  
  16  1:20  Probe (Chrono Boost)  
  16  1:25  Probe (Chrono Boost)  
  17  1:35  Probe  
  18  1:40  Zealot  
  18  1:43  Assimilator  
  21  1:47  Probe  
  21  1:59  Probe  
  22  2:12  Nexus  
  22  2:26  Cybernetics Core  
  22  2:35  Photon Cannon  
  22  2:39  Probe (Chrono Boost)  
  23  2:54  Pylon  
  23  3:13  Probe (Chrono Boost)  
  24  3:23  Probe (Chrono Boost)  
  26  3:27  Probe (Chrono Boost)  
  26  3:30  Pylon  
  26  3:34  Probe (Chrono Boost)  
  27  3:38  Probe (Chrono Boost)  
  27  3:39  Probe  
  29  3:46  Twilight Council  
  29  3:49  Probe  
  29  3:51  Probe  
  31  3:57  Twilight Council  
  31  3:59  Photon Cannon  
  31  4:01  Probe  
  31  4:02  Pylon  
  32  4:03  Probe  
  33  4:12  Photon Cannon  
  33  4:14  Probe  
  34  4:21  Assimilator, Probe  
  35  4:26  Probe  
  36  4:33  Probe  
  36  4:37  Assimilator  
  37  4:45  Probe  
  38  4:56  Stargate  
  38  4:58  Protoss Air Weapons Level 1  
  38  4:59  Stargate  
  39  5:00  Probe (Chrono Boost)  
  39  5:02  Pylon  
  39  5:05  Probe (Chrono Boost)  
  40  5:07  Stalker  
  40  5:11  Gateway  
  42  5:14  Gateway  
  42  5:21  Photon Cannon  
  42  5:24  Photon Cannon, Probe (Chrono Boost)  
  43  5:33  Shield Battery, Probe (Chrono Boost)  
  44  5:35  Pylon  
  44  5:38  Probe  
  45  5:44  Phoenix  
  45  5:45  Phoenix  
  49  6:04  Cybernetics Core  
  49  6:07  Pylon  
  49  6:09  Pylon  
  49  6:13  Pylon  
  49  7:12  Fleet Beacon  
  49  7:15  Pylon  
  49  7:16  Protoss Air Armor Level 1  
  49  7:18  Photon Cannon  
  49  7:21  Pylon  
  49  7:26  Pylon  
  49  7:27  Protoss Shields Level 1, Pylon  
  49  7:30  Pylon  
  49  7:32  Probe (Chrono Boost)  
  50  7:40  Phoenix x2  
  50  7:41  Probe (Chrono Boost)  
  55  7:46  Probe  
  57  7:58  Probe  
  57  8:10  Probe  
  57  8:11  Stalker x2  
  62  8:37  Dark Shrine  
  62  8:40  Pylon  
  62  8:43  Pylon  
  62  8:47  Phoenix x2  
  66  9:24  Stalker x2  
  64  9:44  Carrier x2  
  76  9:48  Photon Cannon  
  76  9:49  Shield Battery  
  76  9:51  Photon Cannon  
  76  9:55  Pylon  
  76  10:00  Protoss Air Weapons Level 2  
  76  10:12  Dark Templar x3  
  82  10:32  Photon Cannon  
  82  10:34  Protoss Air Armor Level 2  
  82  10:36  Shield Battery  
  82  10:44  Robotics Facility  
  78  10:51  Dark Templar x3  
  84  11:16  Pylon  
  84  11:17  Carrier x2  
  96  11:33  Protoss Shields Level 2  
  96  11:41  Observer  
  96  11:58  Observer  
  90  12:16  Observer  
  90  12:21  Carrier x2  
  101  12:53  Dark Templar x3  
  107  13:03  Shield Battery  
  107  13:13  Observer  
  107  13:16  Protoss Air Armor Level 3  
  108  13:21  Pylon  
  108  13:23  Pylon  
  108  13:31  Observer  
  108  13:32  Dark Templar x3  
  115  13:49  Observer  
  116  14:11  Dark Templar x3  
  122  14:24  Protoss Shields Level 3  
  122  14:27  Carrier  
  122  14:28  Carrier  
  134  14:34  Shield Battery  
  134  14:47  Protoss Air Weapons Level 3  
  134  14:50  Dark Templar  
  135  15:19  Shadow Stride  
  135  15:26  Assimilator  
  135  15:32  Carrier  
  129  16:44  Carrier x2  
  141  16:53  Warp Prism  
  143  17:26  Observer  
Show
View Real Time Build Order
Export as new Build Order

TIM Protoss 

Build Orders:  

Get SALT Encoding   

  12  0:02  Probe  
  13  0:15  Probe  
  13  0:19  Pylon  
  14  0:27  Probe  
  15  0:31  Assimilator  
  15  0:47  Gateway  
  15  0:48  Probe (Chrono Boost)  
  16  1:00  Probe (Chrono Boost)  
  17  1:06  Probe (Chrono Boost)  
  18  1:15  Assimilator, Probe  
  19  1:23  Pylon  
  19  1:27  Probe  
  20  1:43  Cybernetics Core  
  20  1:58  Nexus  
  20  2:04  Probe (Chrono Boost)  
  21  2:15  Probe (Chrono Boost)  
  22  2:20  Probe (Chrono Boost)  
  22  2:22  Twilight Council  
  23  2:30  Probe  
  24  2:43  Probe  
  25  2:51  Pylon  
  25  2:54  Forge  
  25  3:00  Gateway  
  25  3:01  Probe (Chrono Boost)  
  26  3:13  Probe (Chrono Boost)  
  26  3:16  Probe (Chrono Boost)  
  28  3:23  Probe (Chrono Boost)  
  28  3:24  Probe (Chrono Boost)  
  28  3:27  Charge  
  30  3:29  Probe (Chrono Boost)  
  30  3:31  Zealot  
  33  3:44  Gateway  
  33  3:46  Gateway  
  33  3:47  Warp Gate  
  33  3:48  Gateway  
  33  3:50  Probe  
  33  3:51  Probe  
  35  3:55  Assimilator  
  35  4:02  Probe  
  36  4:03  Probe  
  36  4:04  Assimilator  
  37  4:11  Pylon  
  37  4:15  Protoss Shields Level 1, Probe  
  38  4:37  Stalker  
  40  4:47  Stalker  
  40  4:48  Stalker  
  44  4:57  Photon Cannon  
  44  5:00  Pylon  
  44  5:02  Photon Cannon  
  44  5:03  Probe (Chrono Boost)  
  45  5:12  Blink  
  45  5:14  Probe (Chrono Boost)  
  46  5:15  Stalker  
  46  5:18  Probe (Chrono Boost)  
  49  5:30  Probe  
  49  5:32  Forge  
  50  5:40  Gateway  
  50  5:41  Gateway  
  50  5:42  Probe  
  51  5:46  Pylon  
  51  5:49  Robotics Facility  
  51  6:05  Zealot x2  
  51  6:06  Zealot  
  57  6:41  Zealot x2  
  57  6:42  Zealot  
  57  6:46  Protoss Ground Weapons Level 1  
  59  6:47  Protoss Ground Armor Level 1  
  55  7:02  Zealot x2  
  55  7:03  Zealot  
  61  7:10  Pylon  
  61  7:17  Photon Cannon  
  61  7:34  Photon Cannon  
  61  7:48  Zealot x2  
  61  7:49  Zealot  
  57  7:56  Stalker  
  57  7:58  Stalker  
  48  7:59  Stalker  
  48  8:00  Stalker  
  35  8:17  Zealot x2  
  35  8:18  Zealot  
  36  8:32  Zealot  
  36  8:33  Zealot  
  36  8:34  Probe  
  29  8:44  Zealot x3  
  29  8:46  Probe  
  35  8:53  Probe  
  32  8:58  Probe  
  30  9:05  Probe  
  22  9:20  Zealot x2  
  22  9:21  Zealot x3  
  28  9:42  Zealot x2  
  28  9:43  Zealot x2  
  30  9:50  Gateway x2  
  30  9:53  Gateway  
  30  9:55  Gateway  
  5  10:50  Zealot  
  5  10:53  Zealot  
  5  10:55  Zealot  
  5  10:56  Zealot  
  12  11:12  Zealot  
  12  11:14  Zealot  
  10  11:28  Zealot x2  
Show
View Real Time Build Order
Export as new Build Order

WarpigxxxL Zerg - Winner!

Build Orders: Pool First, Swarm Host, Roach Nydus 

Get SALT Encoding   

  12  0:13  Drone x2  
  14  0:18  Overlord  
  14  0:38  Spawning Pool  
  14  0:39  Drone  
  14  0:44  Drone  
  14  0:48  Drone  
  16  1:06  Drone  
  17  1:20  Drone  
  17  1:23  Drone  
  17  1:24  Hatchery  
  18  1:40  Extractor  
  18  1:45  Extractor  
  16  1:50  Drone x2  
  16  1:51  Drone  
  19  1:56  Queen  
  21  2:02  Drone  
  22  2:26  Overlord x2  
  22  2:40  Drone x2  
  24  2:57  Zergling x6  
  24  2:58  Metabolic Boost  
  27  3:00  Zergling x2  
  27  3:04  Hatchery  
  27  3:10  Drone  
  27  3:11  Roach Warren  
  27  3:14  Drone  
  28  3:29  Lair  
  28  3:31  Drone  
  29  3:39  Drone x2  
  29  3:40  Drone  
  32  3:47  Drone x2  
  34  4:00  Roach x2  
  34  4:01  Roach  
  40  4:09  Drone x2  
  42  4:17  Roach  
  42  4:18  Roach x2  
  48  4:26  Drone x2  
  48  4:29  Overlord  
  50  4:32  Overlord  
  50  4:36  Overlord  
  50  4:48  Nydus Network  
  50  4:49  Burrow  
  49  4:56  Roach  
  49  4:57  Infestation Pit  
  49  4:58  Zergling x2  
  51  5:07  Spore Crawler  
  51  5:08  Spore Crawler  
  51  5:10  Drone  
  51  5:11  Drone  
  51  5:16  Drone x2  
  53  5:31  Extractor  
  53  5:32  Extractor  
  51  5:38  Swarm Host  
  51  5:42  Drone  
  61  5:43  Drone x2  
  61  5:46  Drone x3  
  66  5:57  Nydus Canal  
  66  6:18  Nydus Canal  
  61  6:28  Swarm Host x2  
  68  6:54  Roach  
  62  7:07  Swarm Host  
  72  7:10  Overlord x2  
  72  7:11  Overlord x2  
  72  7:23  Nydus Canal  
  72  7:28  Overlord  
  72  7:29  Overlord x2  
  66  8:02  Nydus Canal  
  66  8:03  Swarm Host  
  66  8:04  Swarm Host  
  87  8:06  Roach  
  87  8:07  Zergling x2  
  85  8:38  Nydus Canal  
  85  8:42  Swarm Host x3  
  85  8:44  Roach x2  
  85  8:45  Zergling x6  
  92  10:16  Swarm Host x3  
  92  10:17  Swarm Host x5  
  92  10:21  Nydus Canal  
  113  10:48  Swarm Host x4  
  128  10:52  Overlord  
  124  11:16  Spine Crawler  
  124  11:17  Drone x6, Spine Crawler  
  124  11:18  Drone x3, Spine Crawler x2  
  129  11:28  Nydus Canal  
  123  11:55  Roach  
  123  11:56  Roach x6  
  123  11:58  Zergling x2  
  138  12:03  Nydus Canal  
  111  12:18  Infestor x4  
  111  12:20  Roach x2  
  117  12:36  Spore Crawler  
  116  12:41  Hydralisk Den  
  116  12:42  Hive  
  116  12:43  Drone x2  
  116  12:44  Drone x5  
  122  12:51  Extractor  
  122  12:54  Extractor  
  122  12:57  Nydus Canal  
  120  13:01  Roach x5  
  127  13:08  Drone  
  128  13:17  Drone x3  
  129  13:31  Hydralisk x3  
  135  13:40  Swarm Host  
  138  13:43  Overlord x2  
  134  13:59  Drone x6, Ultralisk Cavern, Hatchery  
  138  14:04  Queen x2  
  138  14:05  Queen  
  138  14:08  Drone x2  
  146  14:17  Nydus Canal  
  146  14:19  Swarm Host x2  
  146  14:22  Roach  
  112  15:10  Ultralisk  
  112  15:11  Ultralisk x5  
  148  15:23  Drone x7  
  148  15:24  Drone  
  156  15:40  Anabolic Synthesis, Hatchery  
  155  15:50  Overlord x5  
  155  15:51  Overlord x3  
  155  16:16  Ultralisk x3  
  155  16:18  Zergling x10  
  178  16:23  Chitinous Plating  
  174  16:37  Ultralisk  
  174  16:38  Ultralisk  
  174  16:39  Zergling x2  
  187  16:45  Nydus Canal  
  175  16:50  Swarm Host  
  175  16:53  Zergling x10  
  171  17:22  Hydralisk x4  
  143  17:23  Hydralisk x3  
  124  17:40  Roach x4  
  124  17:41  Roach x2  
  124  17:42  Roach  
  124  17:48  Roach x2  
  124  17:49  Zergling x2  
  124  17:50  Zergling x2  
  115  18:06  Nydus Canal  
  96  18:38  Nydus Canal  
  86  18:43  Hydralisk x3, Roach  
  86  18:44  Hydralisk x5  
  87  19:04  Hydralisk x4  
Show
View Real Time Build Order
Export as new Build Order

xBenx Zerg - Winner!

Build Orders: Hatch First, Swarm Host 

Get SALT Encoding   

  12  0:02  Drone  
  13  0:17  Overlord  
  13  0:20  Drone  
  14  0:37  Drone x2  
  16  1:01  Hatchery  
  15  1:04  Drone  
  15  1:05  Drone x2  
  18  1:16  Drone  
  19  1:28  Drone  
  19  1:31  Spawning Pool  
  19  1:32  Extractor  
  18  1:56  Drone x2  
  18  2:01  Overlord  
  20  2:10  Drone  
  20  2:15  Drone  
  22  2:24  Zergling x2  
  23  2:31  Roach Warren  
  23  2:32  Extractor  
  23  2:33  Drone  
  22  2:47  Drone x2  
  22  2:48  Queen  
  22  2:49  Queen  
  22  2:50  Drone x2  
  30  3:05  Hatchery  
  29  3:08  Drone  
  29  3:09  Drone  
  31  3:31  Zergling x2  
  31  3:32  Zergling x4  
  33  3:38  Metabolic Boost  
  33  3:41  Drone x2  
  35  3:45  Spore Crawler  
  35  3:46  Spore Crawler  
  33  3:51  Overlord x2  
  33  3:59  Lair  
  33  4:01  Drone  
  34  4:10  Queen  
  36  4:43  Drone  
  36  4:44  Drone x3  
  36  4:45  Drone x9  
  49  4:56  Overseer  
  49  5:01  Infestation Pit, Queen  
  49  5:04  Drone, Extractor  
  49  5:05  Drone  
  49  5:06  Drone  
  52  5:12  Drone  
  53  5:20  Spore Crawler  
  50  5:37  Drone x2, Queen  
  54  5:43  Drone  
  54  5:47  Drone x2  
  54  5:48  Drone, Extractor  
  57  6:07  Zergling x2  
  55  6:22  Hive  
  55  6:23  Zergling x4  
  55  6:24  Nydus Network  
  55  6:25  Overlord x3  
  56  6:33  Burrow  
  56  6:43  Drone  
  56  6:44  Overlord x2  
  56  6:45  Drone x9  
  56  6:46  Drone x4  
  69  6:56  Extractor x2, Overlord x2  
  69  6:59  Overseer x2  
  69  7:00  Pneumatized Carapace  
  67  7:12  Zergling x14  
  67  7:13  Zergling x4  
  76  7:23  Roach  
  76  7:24  Roach x2  
  76  7:28  Drone  
  83  7:37  Overlord  
  83  7:43  Hatchery  
  82  7:51  Nydus Canal  
  82  7:53  Overseer x2  
  82  7:55  Swarm Host x4  
  103  8:07  Spore Crawler  
  103  8:09  Spore Crawler  
  103  8:10  Drone x2  
  103  8:11  Drone, Spore Crawler  
  103  8:19  Nydus Canal  
  103  8:52  Overseer  
  103  8:54  Nydus Canal  
  103  8:56  Zergling x2  
  103  8:57  Zergling x6, Roach x2  
  111  9:09  Overlord  
  111  9:10  Overlord x3  
  111  9:15  Glial Reconstitution  
  110  9:19  Nydus Canal  
  97  9:47  Evolution Chamber  
  97  9:48  Evolution Chamber  
  97  9:50  Queen  
  97  9:55  Drone x3  
  97  9:56  Drone x3  
  97  9:57  Drone x3  
  97  9:58  Drone x5, Overlord  
  97  9:59  Swarm Host, Overlord  
  119  10:17  Nydus Canal  
  113  10:32  Nydus Canal  
  107  10:57  Roach  
  107  10:58  Roach, Nydus Canal  
  107  11:03  Overlord x2  
  111  11:04  Overseer x3  
  111  11:06  Spine Crawler  
  111  11:08  Spine Crawler  
  111  11:10  Spine Crawler  
  106  11:11  Spine Crawler  
  106  11:12  Drone x3  
  106  11:14  Spore Crawler  
  106  11:15  Spine Crawler  
  106  11:17  Extractor x2, Queen  
  106  11:18  Zergling x10  
  107  11:19  Zergling x8  
  107  11:21  Overseer  
  107  11:22  Roach x4  
  107  11:23  Roach x2  
  107  11:24  Swarm Host  
  146  11:32  Nydus Canal  
  146  12:15  Zergling x2  
  146  12:16  Zergling x2, Roach x2  
  152  12:23  Nydus Canal  
  152  12:25  Roach x3  
  115  12:45  Nydus Canal  
  103  12:52  Ultralisk Cavern  
  103  12:53  Queen, Tunneling Claws  
  103  12:55  Zerg Melee Weapons Level 1, Zerg Ground Armor Level 1  
  103  12:58  Zergling x14, Roach x6  
  115  12:59  Zergling x2, Roach x2  
  115  13:04  Queen  
  115  13:05  Queen  
  120  13:06  Queen x2  
  120  13:08  Overseer  
  117  13:24  Nydus Canal  
  117  13:32  Queen x2  
  117  13:40  Nydus Canal  
  114  13:47  Ultralisk x2  
  123  13:49  Overlord x3  
  123  13:50  Overlord x3  
  123  13:57  Overlord  
  123  13:58  Overlord  
  123  13:59  Overlord x2  
  123  14:00  Overlord  
  123  14:27  Hatchery  
  122  14:32  Nydus Canal  
  122  14:38  Overseer x3  
  122  14:40  Overseer  
  122  14:43  Overseer  
  119  14:49  Zerg Missile Weapons Level 1  
  119  14:50  Nydus Canal  
  119  14:51  Overseer  
  119  14:52  Overlord x2  
  119  15:12  Overlord  
  119  15:13  Overlord  
  119  15:16  Chitinous Plating  
  119  15:19  Zerg Ground Armor Level 2  
  119  15:28  Nydus Canal  
  115  15:43  Nydus Canal  
  109  16:05  Nydus Canal  
  109  16:12  Ultralisk  
  109  16:13  Ultralisk x12  
  187  16:24  Nydus Canal  
  187  16:43  Zerg Melee Weapons Level 2  
  187  16:50  Overlord x6  
  187  16:51  Overlord x7  
  187  16:58  Roach  
  187  17:00  Nydus Canal  
  171  17:18  Nydus Canal  
  167  17:25  Overseer x2  
  167  17:27  Overlord x2  
  167  17:28  Overlord  
  167  17:29  Overseer x3  
  161  17:30  Overseer x2  
  161  17:35  Drone x3  
  164  17:38  Zergling x4  
  164  17:39  Zergling x8, Ultralisk x3  
  164  17:40  Zergling x4, Ultralisk x2  
  164  17:41  Nydus Canal  
  176  18:07  Nydus Canal  
  176  18:23  Nydus Canal  
  164  18:43  Nydus Canal  
  164  18:47  Overlord x4  
  152  18:52  Overseer  
  132  19:12  Ultralisk  
  132  19:13  Ultralisk x7  
  132  19:15  Zergling x2  
  177  19:16  Zergling x10  
Tags
 
Add a new tag
Caveats
  • Supply blocks, unpowered buildings, or Contaminate may cause inaccurate times.
  • Supply counts are checked every 10 seconds.